MLB
ATLANTA BRAVES @ MILWAUKEE BREWERS
07/16/2019
 
TOP OF THE 1ST
Atlanta Braves batting - Pitching for Milwaukee Brewers : LHP Matt Moore
Pitching: LHP Matt Moore
Batting: LHB Mallex Smith 0-0: Ball
1-0: Called Strike
1-1: Ground out 6-3 (Groundball, 6, EV 105.0 MPH)
Batting: RHB Adeiny Hechavarria 0-0: Called Strike
0-1: Ball
1-1: Ground out 5-3 (Groundball, 56S, EV 86.9 MPH)
Batting: RHB Domingo Santana 0-0: Swinging Strike
0-1: Ball
1-1: SINGLE (Line Drive, 4D, EV 101.9 MPH)
Batting: RHB Matt Davidson 0-0: Ball
1-0: Foul Ball, location: 2F
1-1: Ball
2-1: Ball
3-1: Base on Balls
Domingo Santana to second
Batting: RHB Ian Desmond 0-0: Ball
1-0: Ball
2-0: Foul Ball, location: 2F
2-1: Called Strike
2-2: Ball
3-2: Strikes out swinging
Top of the 1st over - 0 runs, 1 hit, 0 errors, 2 left on base; Atlanta 0 - Milwaukee 0
BOTTOM OF THE 1ST
Milwaukee Brewers batting - Pitching for Atlanta Braves : LHP Brian Johnson
Pitching: LHP Brian Johnson
Batting: LHB Jeff McNeil 0-0: Ball
1-0: Ball
2-0: Ground out 4-3 (Groundball, 4, EV 85.6 MPH)
Batting: RHB Eugenio Suarez 0-0: Called Strike
0-1: Swinging Strike
0-2: Strikes out swinging
Batting: RHB Aaron Judge 0-0: Called Strike
0-1: Fly out, F8 (Flyball, 8RD, EV 92.5 MPH)
Bottom of the 1st over - 0 runs, 0 hits, 0 errors, 0 left on base; Atlanta 0 - Milwaukee 0
TOP OF THE 2ND
Atlanta Braves batting - Pitching for Milwaukee Brewers : LHP Matt Moore
Batting: LHB Ben Gamel 0-0: Ball
1-0: Swinging Strike
1-1: Called Strike
1-2: Strikes out looking
Batting: RHB John Ryan Murphy 0-0: Fly out, F8 (Line Drive, 8LM, EV 86.3 MPH)
Batting: RHB Pat Valaika 0-0: Called Strike
0-1: Ball
1-1: Swinging Strike
1-2: Ball
2-2: Ball
3-2: Fly out, F9 (Flyball, 89D, EV 100.6 MPH)
Top of the 2nd over - 0 runs, 0 hits, 0 errors, 0 left on base; Atlanta 0 - Milwaukee 0
BOTTOM OF THE 2ND
Milwaukee Brewers batting - Pitching for Atlanta Braves : LHP Brian Johnson
Batting: LHB Eric Hosmer 0-0: Ball
1-0: Fly out, F5 (Popup, 5F, EV 55.0 MPH)
Batting: RHB Tommy Pham 0-0: Foul Ball, location: 2F
0-1: Ball
1-1: Ball
2-1: Foul Ball, location: 2F
2-2: DOUBLE (Line Drive, 8RXD, EV 108.8 MPH)
Batting: RHB A.J. Pollock 0-0: Ball
1-0: Called Strike
1-1: Ball
2-1: Foul Ball, location: 2F
2-2: Strikes out swinging
Batting: RHB Addison Russell 0-0: Foul Ball, location: 2F
0-1: Ball
1-1: Called Strike
1-2: Ground out 4-3 (Groundball, 4S, EV 89.4 MPH)
Bottom of the 2nd over - 0 runs, 1 hit, 0 errors, 1 left on base; Atlanta 0 - Milwaukee 0
TOP OF THE 3RD
Atlanta Braves batting - Pitching for Milwaukee Brewers : LHP Matt Moore
Batting: LHB Brian Johnson 0-0: Ball
1-0: Foul Ball, location: 2F
1-1: Ball
2-1: Foul Ball, location: 2F
2-2: Fly out, F8 (Flyball, 78XD, EV 95.0 MPH)
Batting: LHB Mallex Smith 0-0: Fly out, F7 (Flyball, 7, EV 86.9 MPH)
Batting: RHB Adeiny Hechavarria 0-0: Swinging Strike
0-1: Called Strike
0-2: Ball
1-2: Strikes out looking
Top of the 3rd over - 0 runs, 0 hits, 0 errors, 0 left on base; Atlanta 0 - Milwaukee 0
BOTTOM OF THE 3RD
Milwaukee Brewers batting - Pitching for Atlanta Braves : LHP Brian Johnson
Batting: LHB Matt Moore 0-0: Called Strike
0-1: Foul Ball, location: 2F
0-2: Fly out, F7 (Flyball, 78D, EV 106.9 MPH)
Batting: RHB Manny Pina 0-0: Foul Ball, location: 2F
0-1: Ball
1-1: Foul Ball, location: 2F
1-2: Foul Ball, location: 2F
1-2: Ball
2-2: Ground out 6-3 (Groundball, 6, EV 89.4 MPH)
Batting: LHB Jeff McNeil 0-0: Ball
1-0: Swinging Strike
1-1: Ball
2-1: Foul Ball, location: 2F
2-2: Ball
3-2: SOLO HOME RUN (Flyball, 9D, EV 99.4 MPH), Distance : 381 ft
Batting: RHB Eugenio Suarez 0-0: Foul Ball, location: 2F
0-1: Swinging Strike
0-2: Strikes out looking
Bottom of the 3rd over - 1 run, 1 hit, 0 errors, 0 left on base; Atlanta 0 - Milwaukee 1
TOP OF THE 4TH
Atlanta Braves batting - Pitching for Milwaukee Brewers : LHP Matt Moore
Batting: RHB Domingo Santana 0-0: Ball
1-0: Called Strike
1-1: Ball
2-1: Ball
3-1: Called Strike
3-2: Base on Balls
Batting: RHB Matt Davidson 0-0: Ball
1-0: Fly out, F8 (Flyball, 8RM, EV 89.4 MPH)
Batting: RHB Ian Desmond 0-0: Ball
1-0: Ball
2-0: Ball
3-0: Base on Balls
Domingo Santana to second
Batting: LHB Ben Gamel 0-0: Ball
1-0: Foul Ball, location: 2F
1-1: Ball
2-1: Ball
3-1: Base on Balls
Domingo Santana to third
Ian Desmond to second
Batting: RHB John Ryan Murphy 0-0: Grounds into fielders choice 1-2 (Groundball, 15, EV 89.4 MPH)
Ian Desmond to third
Ben Gamel to second
Batting: RHB Pat Valaika 0-0: Ball
1-0: Fly out, F8 (Flyball, 8LD, EV 95.6 MPH)
Top of the 4th over - 0 runs, 0 hits, 0 errors, 3 left on base; Atlanta 0 - Milwaukee 1
BOTTOM OF THE 4TH
Milwaukee Brewers batting - Pitching for Atlanta Braves : LHP Brian Johnson
Batting: RHB Aaron Judge 0-0: Fly out, F9 (Flyball, 89S, EV 81.3 MPH)
Batting: LHB Eric Hosmer 0-0: Ball
1-0: Called Strike
1-1: Foul Ball, location: 2F
1-2: Foul Ball, location: 2F
1-2: Fly out, F2 (Popup, 2L, EV 96.9 MPH)
Batting: RHB Tommy Pham 0-0: Ball
1-0: Foul Ball, location: 2F
1-1: Ball
2-1: Called Strike
2-2: Ball
3-2: Base on Balls
Batting: RHB A.J. Pollock 0-0: Fielders Choice at 2nd, 6-4 (Groundball, 6, EV 107.5 MPH)
Bottom of the 4th over - 0 runs, 0 hits, 0 errors, 1 left on base; Atlanta 0 - Milwaukee 1
TOP OF THE 5TH
Atlanta Braves batting - Pitching for Milwaukee Brewers : LHP Matt Moore
Batting: LHB Brian Johnson 0-0: SINGLE (Line Drive, 34, EV 97.5 MPH)
Batting: LHB Mallex Smith 0-0: Ball
1-0: Called Strike
1-1: Swinging Strike
1-2: Ball
2-2: Fielders Choice at 2nd, 4-6 (Groundball, 4, EV 106.3 MPH)
Batting: RHB Adeiny Hechavarria 0-0: Ball
1-0: Called Strike
1-1: Ball
2-1: Fly out, F7 (Flyball, 7LS, EV 77.5 MPH)
Batting: RHB Domingo Santana 0-0: Foul Ball, location: 2F
0-1: Ball
1-1: Ball
2-1: Foul Ball, location: 2F
2-2: DOUBLE (Line Drive, 78D, EV 105.0 MPH)
Mallex Smith to third
Mallex Smith scores
Batting: RHB Matt Davidson 0-0: Ball
1-0: Foul Ball, location: 2F
1-1: Ball
2-1: Called Strike
2-2: Strikes out swinging
Top of the 5th over - 1 run, 2 hits, 0 errors, 1 left on base; Atlanta 1 - Milwaukee 1
BOTTOM OF THE 5TH
Milwaukee Brewers batting - Pitching for Atlanta Braves : LHP Brian Johnson
Batting: RHB Addison Russell 0-0: Ball
1-0: Ball
2-0: Ball
3-0: Base on Balls
Batting: LHB Matt Moore 0-0: Ball
1-0: Sac Bunt to 3S - play at first, batter OUT! 3-4
Addison Russell to second
Batting: RHB Manny Pina 0-0: Ball
1-0: Ball
2-0: Foul Ball, location: 2F
2-1: Swinging Strike
2-2: Ball
3-2: Strikes out swinging
Batting: LHB Jeff McNeil 0-0: Ground out 5-3 (Groundball, 56, EV 78.8 MPH)
Bottom of the 5th over - 0 runs, 0 hits, 0 errors, 1 left on base; Atlanta 1 - Milwaukee 1
TOP OF THE 6TH
Atlanta Braves batting - Pitching for Milwaukee Brewers : LHP Matt Moore
Pitching: RHP Andrew Kittredge
Batting: RHB Ian Desmond 0-0: Fly out, F3 (Popup, 3SF, EV 82.5 MPH)
Batting: LHB Ben Gamel 0-0: SOLO HOME RUN (Flyball, 89XD, EV 91.9 MPH), Distance : 393 ft
Batting: RHB John Ryan Murphy 0-0: Ball
1-0: Ball
2-0: Fly out, F8 (Flyball, 8RD, EV 85.0 MPH)
Batting: RHB Pat Valaika 0-0: Ball
1-0: Foul Ball, location: 2F
1-1: Swinging Strike
1-2: Ball
2-2: Ball
3-2: Base on Balls
Batting: LHB Brian Johnson 0-0: Called Strike
0-1: Foul Ball, location: 2F
0-2: Strikes out swinging
Top of the 6th over - 1 run, 1 hit, 0 errors, 1 left on base; Atlanta 2 - Milwaukee 1
BOTTOM OF THE 6TH
Milwaukee Brewers batting - Pitching for Atlanta Braves : LHP Brian Johnson
Batting: RHB Eugenio Suarez 0-0: Ball
1-0: Called Strike
1-1: Foul Ball, location: 2F
1-2: Ball
2-2: Foul Ball, location: 2F
2-2: Ball
3-2: Base on Balls
Batting: RHB Aaron Judge 0-0: Ball
1-0: Ball
2-0: Called Strike
2-1: Swinging Strike
2-2: Ball
3-2: Foul Ball, location: 2F
3-2: Base on Balls
Eugenio Suarez to second
Batting: LHB Eric Hosmer 0-0: Called Strike
0-1: Foul Ball, location: 2F
0-2: SINGLE (Groundball, 34D, EV 95.6 MPH)
Eugenio Suarez to third
Aaron Judge to second
Batting: RHB Tommy Pham 0-0: Ball
1-0: Called Strike
1-1: Foul Ball, location: 2F
1-2: Ball
2-2: Hit by Pitch
Eugenio Suarez scores
Aaron Judge to third
Eric Hosmer to second
Pitching: RHP Paul Blackburn
Batting: RHB A.J. Pollock 0-0: Ball
1-0: DOUBLE (Line Drive, 89D, EV 113.1 MPH)
Aaron Judge scores
Eric Hosmer scores
Tommy Pham to third
Runner from 3rd tries for Home, SAFE, throw by RF to trailing runner, SAFE at third!
Batting: RHB Addison Russell 0-0: Ball
1-0: Fly out, F6 (Popup, 56, EV 57.5 MPH)
Pinch Hitting: LHB Jon Jay 0-0: SINGLE (Line Drive, 4, EV 70.6 MPH) (infield hit)
A.J. Pollock scores
Batting: RHB Manny Pina 0-0: Foul Ball, location: 2F
0-1: Ball
1-1: Ball
2-1: Swinging Strike
2-2: Foul Ball, location: 2F
2-2: Ball
3-2: Ground out 6-3 (Groundball, 6S, EV 73.8 MPH)
Jon Jay to second
Batting: LHB Jeff McNeil 0-0: Ball
1-0: Swinging Strike
1-1: Ball
2-1: Ball
3-1: Ground out 6-3 (Groundball, 6M, EV 78.1 MPH)
Bottom of the 6th over - 5 runs, 3 hits, 0 errors, 1 left on base; Atlanta 2 - Milwaukee 6
TOP OF THE 7TH
Atlanta Braves batting - Pitching for Milwaukee Brewers : RHP Andrew Kittredge
Pitching: LHP Jose Quijada
Batting: LHB Mallex Smith 0-0: Called Strike
0-1: Called Strike
0-2: Foul Ball, location: 2F
0-2: Ball
1-2: Ball
2-2: Strikes out swinging
Batting: RHB Adeiny Hechavarria 0-0: Foul Ball, location: 2F
0-1: Foul Ball, location: 2F
0-2: Strikes out looking
Batting: RHB Domingo Santana 0-0: Foul Ball, location: 2F
0-1: Swinging Strike
0-2: Foul Ball, location: 2F
0-2: Foul Ball, location: 2F
0-2: Foul Ball, location: 2F
0-2: Ball
1-2: Strikes out swinging
Top of the 7th over - 0 runs, 0 hits, 0 errors, 0 left on base; Atlanta 2 - Milwaukee 6
BOTTOM OF THE 7TH
Milwaukee Brewers batting - Pitching for Atlanta Braves : RHP Paul Blackburn
Pitching: RHP Ryan Dull
Batting: RHB Eugenio Suarez 0-0: Called Strike
0-1: Foul Ball, location: 2F
0-2: Ball
1-2: Strikes out looking
Batting: RHB Aaron Judge 0-0: Ball
1-0: Ball
2-0: Called Strike
2-1: Ball
3-1: Foul Ball, location: 2F
3-2: Fly out, F5 (Popup, 5F, EV 59.4 MPH)
Batting: LHB Eric Hosmer 0-0: Foul Ball, location: 2F
0-1: Fly out, F7 (Flyball, 7, EV 76.3 MPH)
Bottom of the 7th over - 0 runs, 0 hits, 0 errors, 0 left on base; Atlanta 2 - Milwaukee 6
TOP OF THE 8TH
Atlanta Braves batting - Pitching for Milwaukee Brewers : LHP Jose Quijada
Pitching: RHP Robert Stock
Batting: RHB Matt Davidson 0-0: Swinging Strike
0-1: Ball
1-1: Ball
2-1: Foul Ball, location: 2F
2-2: Foul Ball, location: 2F
2-2: Strikes out swinging
Batting: RHB Ian Desmond 0-0: Ball
1-0: Swinging Strike
1-1: SOLO HOME RUN (Flyball, 7D, EV 86.9 MPH), Distance : 399 ft
Batting: LHB Ben Gamel 0-0: Called Strike
0-1: Ball
1-1: Foul Ball, location: 2F
1-2: Strikes out swinging, 2-3 out at first.
Batting: RHB John Ryan Murphy 0-0: Foul Ball, location: 2F
0-1: Ball
1-1: Ball
2-1: Foul Ball, location: 2F
2-2: Strikes out looking
Top of the 8th over - 1 run, 1 hit, 0 errors, 0 left on base; Atlanta 3 - Milwaukee 6
BOTTOM OF THE 8TH
Milwaukee Brewers batting - Pitching for Atlanta Braves : RHP Ryan Dull
Pitching: RHP Chad Sobotka
Batting: RHB Tommy Pham 0-0: Swinging Strike
0-1: Ball
1-1: Ball
2-1: Called Strike
2-2: Ball
3-2: Base on Balls
Batting: RHB A.J. Pollock 0-0: Ball
1-0: SINGLE (Flyball, 8LS, EV 88.1 MPH)
Tommy Pham to second
Batting: RHB Addison Russell 0-0: Called Strike
0-1: Foul Ball, location: 2F
0-2: Ball
1-2: Foul Ball, location: 2F
1-2: DOUBLE (Line Drive, 9LD, EV 101.3 MPH)
Tommy Pham scores
A.J. Pollock to third
Pinch Hitting: RHB Yonathan Daza 0-0: Ground out 4-3 (Groundball, 4, EV 80.0 MPH)
A.J. Pollock scores
Addison Russell to third
Pitching: RHP Daniel Hudson
Batting: RHB Manny Pina 0-0: Hit by Pitch
Batting: LHB Jeff McNeil 0-0: Grounds into double play, 6-4-3 (Groundball, 6, EV 100.6 MPH)
Bottom of the 8th over - 2 runs, 2 hits, 0 errors, 1 left on base; Atlanta 3 - Milwaukee 8
TOP OF THE 9TH
Atlanta Braves batting - Pitching for Milwaukee Brewers : RHP Robert Stock
Pitching: RHP DJ Johnson
Batting: RHB Pat Valaika 0-0: SINGLE (Groundball, 56D, EV 106.3 MPH)
Pinch Hitting: SHB Robbie Grossman 0-0: Foul Ball, location: 2F
0-1: Called Strike
0-2: Ball
1-2: Ball
2-2: Strikes out swinging
Pitching: RHP Mark Melancon
Batting: LHB Mallex Smith 0-0: Fielders Choice at 2nd, 5-4 (Groundball, 56, EV 100.6 MPH)
Batting: RHB Adeiny Hechavarria 0-0: Ground out U3 (Groundball, 34, EV 83.8 MPH)
Top of the 9th over - 0 runs, 1 hit, 0 errors, 1 left on base; Atlanta 3 - Milwaukee 8
Thursday, October 17th, 2019 - OOTP Baseball 20.6 Build 55